 Dungeon Crawl Stone Soup version 0.20-a0-641-g673355a (webtiles) character file.

79 Laan the Magician (level 4, -6/30 HPs)
             Began as a Mummy Fire Elementalist on Feb 14, 2017.
             Mangled by an orc warrior
             ... wielding a +0 battleaxe
              (25 damage)
             ... on level 3 of the Dungeon.
             The game lasted 00:03:16 (2404 turns).

Laan the Magician (Mummy Fire Elementalist)         Turns: 2404, Time: 00:03:16

Health: -6/30      AC:  2    Str: 11    XL:     4   Next: 16%
Magic:  10/10      EV: 12    Int: 15    God:
Gold:   118        SH:  0    Dex: 12    Spells: 10/11 levels left

rFire    x . .     SeeInvis .   c - +0 dagger
rCold    + . .     Gourm    .   a - +0 robe
rNeg     + + +     Faith    .   (no shield)
rPois    ∞         Spirit   .   (no helmet)
rElec    .         Reflect  .   (no cloak)
rCorr    .         Harm     .   (no gloves)
MR       .....                  (no boots)
Stlth    ++........             (no amulet)
Regen    0.1/turn               (no ring)
MPRegen  0.2/turn               (no ring)

@: no status effects
A: no food or potions, fire vulnerability, cold resistance 1, negative energy
resistance 3, torment resistance, unbreathing
a: no special abilities


You were on level 3 of the Dungeon.
You were not hungry.

You visited 1 branch of the dungeon, and saw 3 of its levels.

You collected 118 gold pieces.

Inventory:

Hand Weapons
 c - a +0 dagger (weapon)
Armour
 a - a +0 robe (worn)
Scrolls
 d - a scroll of identify {unknown}
 e - a scroll of remove curse {unknown}
 f - a scroll of enchant armour {unknown}
Books
 b - a book of Flames

   Spells                             Type                      Level
   a - Flame Tongue                   Conjuration/Fire             1
   b - Throw Flame                    Conjuration/Fire             2
   c - Conjure Flame                  Conjuration/Fire             3
   d - Inner Flame                    Hexes/Fire                   3
   e - Sticky Flame                   Conjuration/Fire             4
   f - Fireball                       Conjuration/Fire             5


   Skills:
 - Level 1.5 Dodging
 - Level 1.5 Stealth
 + Level 4.0 Spellcasting
 * Level 2.6 Conjurations
 - Level 2.4 Fire Magic


You had 10 spell levels left.
You knew the following spells:

 Your Spells              Type           Power        Failure   Level  Hunger
a - Flame Tongue          Conj/Fire      ##...        8%          1    N/A

Dungeon Overview and Level Annotations

Branches:
Dungeon (3/15)

Altars:


Innate Abilities, Weirdness & Mutations

You do not eat or drink.
Your flesh is vulnerable to fire.
You are immune to poison.
Your flesh is cold resistant. (rC+)
You are immune to negative energy. (rN+++)
You are immune to unholy pain and torment.
You can survive without breathing.


Message History

Casting: Flame Tongue
Confirm with . or Enter, or press ? or * to list all spells.
Aiming: Flame Tongue
Press: ? - help, Shift-Dir - straight line, f - kobold
Aim: a kobold The flame tongue hits the kobold.
You kill the kobold!
You start resting.
Magic restored.
You start resting.
HP restored.
You climb downwards.
You hear the sound of rushing water.
There is an entrance to a sewer on this level.
Hurry and find it before the portal rusts away!
You hear the rusting of a very distant drain.
The orc warrior hits you with a battleaxe!
There is a stone staircase leading up here.
The orc warrior hits you with a battleaxe!!
Ouch! That really hurt!
You die...

#...# #...# #.(.#
# #...#### ##
#.#......
....#.#....#
......†....#
##########....#
#@oo..[o......####
###########.......
#............#####
#.#†.........o..#.
#.#.########......
#.#.##.# #...#.#.
#.#.#..####.#.#.#
#.#..o.....)#.# #
#o###..######.#


You could see an orc warrior, an orc priest and an orc wizard.

Vanquished Creatures
  2 adders
  An ooze (D:1)
  2 worms
  2 dart slugs
  A leopard gecko (D:1)
  An orc (D:3)
  7 bats
  3 giant cockroaches (D:1)
  A goblin (D:1)
  4 hobgoblins
  4 jackals (D:1)
  A quokka (D:2)
  A ball python (D:3)
  A frilled lizard (D:1)
  7 kobolds
  7 rats
45 creatures vanquished.

Notes
Turn   | Place    | Note
-------+----------+-------------------------------------------
     0 | D:1      | Laan the Mummy Fire Elementalist began the quest for the Orb.
     0 | D:1      | Reached XP level 1. HP: 13/13 MP: 4/4
   151 | D:1      | Reached skill level 1 in Conjurations
   163 | D:1      | Reached skill level 3 in Spellcasting
   362 | D:1      | Reached XP level 2. HP: 19/19 MP: 4/6
   941 | D:1      | Reached XP level 3. HP: 18/24 MP: 0/7
  2113 | D:2      | Reached XP level 4. HP: 30/30 MP: 5/9
  2286 | D:3      | Reached skill level 4 in Spellcasting
  2292 | D:3      | Noticed an orc warrior
  2404 | D:3      | Mangled by an orc warrior

Vault maps used:
D:1:      mrwooster_arrival_statue, minmay_misc_feat_four_crosses,
          minmay_pentomino_z2
D:2:      kennysheep_generic_room_14
D:3:      portal_sewer_entry_c, uniq_crazy_yiuf_cottage

Skill      XL: |  1  2  3  4 |
---------------+-------------+-----
Conjurations   | 1 2 |  2.6
Spellcasting   | 3 4 |  4.0
Dodging        | |  1.5
Stealth        | |  1.5
Fire Magic     | |  2.4

Action                   |  1- 3 |  4- 6 || total
-------------------------+-------+-------++-------
Melee: Dagger            |    11 |       ||    11
 Cast: Flame Tongue      |    75 |     6 ||    81
Armor: Robe              |    11 |       ||    11
Dodge: Dodged            |    38 |     2 ||    40
